[ AOE2 MATCH · #483489132 ]
Team RMSpanish vs Saracens
[ REPLAY ANALYSIS · EXTRACTED FROM THE RECORDED GAME ]
Feudal
11:28
Castle
17:16
Imperial
31:59
| APM avg | 22.6 |
| APM peak | 55 |
| eAPM avg | 12.6 |
| Villagers / military | 98 / 128 |
Focus
⚔️ 27.9% · 🌾 72.1%
Knight ×62 · Skirmisher ×44 · Conquistador ×8 · Trebuchet (Packed) ×7 · Battering Ram ×4 · Petard ×2
Feudal
10:37
Castle
14:53
Imperial
46:09
| APM avg | 21.3 |
| APM peak | 77 |
| eAPM avg | 10.7 |
| Villagers / military | 105 / 90 |
Focus
⚔️ 27.3% · 🌾 72.7%
Spearman ×65 · Unknown (1908) ×65 · Iron Pagoda ×14 · Trebuchet (Packed) ×6 · Petard ×5
Feudal
11:52
Castle
15:31
Imperial
34:23
| APM avg | 30.7 |
| APM peak | 77 |
| eAPM avg | 19.3 |
| Villagers / military | 222 / 204 |
Focus
⚔️ 35.6% · 🌾 64.4%
Mameluke ×129 · Scout Cavalry ×65 · Trebuchet (Packed) ×9 · Monk ×1
Feudal
10:12
Castle
15:09
Imperial
42:12
| APM avg | 37.0 |
| APM peak | 82 |
| eAPM avg | 18.1 |
| Villagers / military | 179 / 13 |
Focus
⚔️ 10.5% · 🌾 89.5%
Mangonel ×9 · Monk ×2 · Spearman ×2
Feudal
10:46
Castle
14:19
Imperial
27:08
| APM avg | 26.7 |
| APM peak | 51 |
| eAPM avg | 14.7 |
| Villagers / military | 134 / 522 |
Focus
⚔️ 36.3% · 🌾 63.7%
Scout Cavalry ×207 · Knight ×175 · Skirmisher ×125 · Trebuchet (Packed) ×13 · Monk ×2
Feudal
12:35
Castle
16:13
Imperial
36:47
| APM avg | 25.0 |
| APM peak | 49 |
| eAPM avg | 12.0 |
| Villagers / military | 97 / 6 |
Focus
⚔️ 40.0% · 🌾 60.0%
Unknown (2579) ×75 · Unknown (2550) ×37 · Trebuchet (Packed) ×4 · Monk ×1 · Mangonel ×1
Match map
Initial resources + every placement click. Lines = walls · curves = elevation contours. ◆ gold · ⬟ stone · ● berries · ✦ relic · ◌ wall gap
Your base· ✓ Closed at 17:16 · 0t walls · 2 gate(s)
BolivarCG's base· ✓ Closed at 14:53 · 0t walls · 2 gate(s)
东伯暴打大黄狗's base· ✓ Closed at 15:31 · 0t walls · 3 gate(s)
黎羽's base· ✓ Closed at 15:09 · 0t walls · 2 gate(s)
Xavyyy's base· ✓ Closed at 14:19 · 0t walls · 3 gate(s)
常山宪王's base· ✓ Closed at 16:13 · 0t walls · 2 gate(s)
Smoothed initial terrain · ◌ = detected wall gap · hover for details
Inputs per minute
— Vicko Guty - - BolivarCG
Build order — Vicko Guty
First 150 of 288 actions detected
| 0:05 | Build | House |
| 0:06 | Build | House |
| 0:08 | Build | House |
| 0:10 | Create | Villager (Male) |
| 0:10 | Create | Villager (Male) |
| 0:10 | Create | Villager (Male) |
| 0:11 | Create | Villager (Male) |
| 1:40 | Create | Villager (Male) |
| 1:59 | Build | Mining Camp |
| 2:11 | Create | Villager (Male) |
| 2:41 | Create | Villager (Male) |
| 3:03 | Create | Villager (Male) |
| 3:46 | Create | Villager (Male) |
| 4:08 | Create | Villager (Male) |
| 4:29 | Create | Villager (Male) |
| 4:29 | Create | Villager (Male) |
| 5:07 | Build | Lumber Camp |
| 5:18 | Create | Villager (Male) |
| 5:46 | Build | House |
| 5:51 | Create | Villager (Male) |
| 6:12 | Create | Villager (Male) |
| 6:37 | Create | Villager (Male) |
| 7:00 | Build | Mill |
| 7:03 | Create | Villager (Male) |
| 7:37 | Create | Villager (Male) |
| 7:38 | Create | Villager (Male) |
| 8:19 | Create | Villager (Male) |
| 9:15 | Build | Mining Camp |
| 9:18 | Research | Feudal Age |
| 9:58 | Build | House |
| 10:11 | Create | Villager (Male) |
| 10:11 | Create | Villager (Male) |
| 11:28 | Age | Feudal Age |
| 11:32 | Build | Market |
| 12:02 | Build | Blacksmith |
| 12:14 | Build | House |
| 12:18 | Create | Villager (Male) |
| 12:27 | Build | Farm |
| 12:39 | Build | Farm |
| 12:51 | Create | Villager (Male) |
| 13:09 | Build | Farm |
| 13:30 | Build | Farm |
| 14:36 | Research | Castle Age |
| 14:42 | Build | Farm |
| 14:47 | Build | Farm |
| 14:50 | Build | Farm |
| 14:56 | Build | Farm |
| 15:34 | Create | Villager (Male) |
| 15:34 | Create | Villager (Male) |
| 16:47 | Create | Villager (Male) |
| 16:50 | Create | Villager (Male) |
| 17:16 | Age | Castle Age |
| 17:21 | Build | Castle |
| 17:40 | Create | Villager (Male) |
| 18:27 | Research | Horse Collar |
| 18:45 | Build | Mining Camp |
| 18:58 | Build | Siege Workshop |
| 19:11 | Create | Villager (Male) |
| 19:12 | Create | Villager (Male) |
| 19:16 | Research | Wheelbarrow |
| 19:33 | Build | Town Center |
| 19:43 | Create | Battering Ram |
| 20:05 | Create | Conquistador |
| 20:06 | Create | Conquistador |
| 20:06 | Create | Conquistador |
| 20:06 | Create | Conquistador |
| 21:02 | Create | Villager (Male) |
| 21:13 | Create | Villager (Male) |
| 21:13 | Create | Villager (Male) |
| 21:28 | Create | Battering Ram |
| 21:45 | Create | Villager (Male) |
| 21:46 | Create | Villager (Male) |
| 22:23 | Create | Villager (Male) |
| 22:23 | Create | Villager (Male) |
| 22:23 | Create | Villager (Male) |
| 22:31 | Build | Farm |
| 22:35 | Build | Farm |
| 22:39 | Build | Farm |
| 22:42 | Build | Farm |
| 22:47 | Build | Farm |
| 22:50 | Build | Farm |
| 23:16 | Create | Petard |
| 23:17 | Create | Petard |
| 23:37 | Create | Battering Ram |
| 23:43 | Create | Villager (Male) |
| 23:43 | Create | Villager (Male) |
| 23:45 | Create | Villager (Male) |
| 24:26 | Create | Villager (Male) |
| 24:27 | Create | Villager (Male) |
| 25:19 | Create | Battering Ram |
| 25:44 | Create | Villager (Male) |
| 25:45 | Create | Villager (Male) |
| 25:57 | Build | Farm |
| 26:00 | Build | Farm |
| 26:03 | Build | Farm |
| 26:07 | Build | Farm |
| 26:10 | Build | Farm |
| 26:13 | Build | Farm |
| 26:20 | Build | Farm |
| 26:23 | Build | Farm |
| 26:30 | Create | Villager (Male) |
| 26:31 | Create | Villager (Male) |
| 26:31 | Create | Villager (Male) |
| 27:33 | Create | Conquistador |
| 27:33 | Create | Conquistador |
| 27:34 | Create | Conquistador |
| 28:32 | Create | Conquistador |
| 28:37 | Create | Villager (Male) |
| 28:37 | Create | Villager (Male) |
| 28:38 | Create | Villager (Male) |
| 28:49 | Research | Imperial Age |
| 31:27 | Build | Barracks |
| 31:32 | Create | Villager (Male) |
| 31:33 | Create | Villager (Male) |
| 31:33 | Create | Villager (Male) |
| 31:34 | Create | Villager (Male) |
| 31:34 | Create | Villager (Male) |
| 31:34 | Create | Villager (Male) |
| 31:35 | Create | Villager (Male) |
| 31:44 | Research | Double-Bit Axe |
| 31:49 | Build | Lumber Camp |
| 31:54 | Build | Lumber Camp |
| 31:59 | Age | Imperial Age |
| 32:04 | Create | Trebuchet (Packed) |
| 32:04 | Create | Trebuchet (Packed) |
| 32:13 | Build | Stable |
| 32:50 | Build | Stable |
| 33:06 | Research | Cavalier (upgrade) |
| 33:11 | Create | Villager (Male) |
| 33:11 | Create | Villager (Male) |
| 33:12 | Create | Villager (Male) |
| 33:12 | Create | Villager (Male) |
| 33:19 | Build | House |
| 33:19 | Build | House |
| 33:19 | Build | House |
| 33:20 | Build | House |
| 33:21 | Build | House |
| 33:27 | Research | Scale Barding Armor |
| 33:32 | Create | Knight |
| 33:32 | Create | Knight |
| 33:41 | Create | Trebuchet (Packed) |
| 34:14 | Create | Knight |
| 34:14 | Create | Knight |
| 34:20 | Create | Villager (Male) |
| 34:20 | Create | Villager (Male) |
| 34:37 | Build | House |
| 34:37 | Build | House |
| 34:38 | Build | House |
| 34:39 | Build | House |
| 36:24 | Create | Villager (Male) |
Build order — BolivarCG
First 150 of 315 actions detected
| 0:05 | Build | House |
| 0:05 | Build | House |
| 0:07 | Build | House |
| 0:08 | Create | Villager (Male) |
| 0:08 | Create | Villager (Male) |
| 0:08 | Create | Villager (Male) |
| 0:09 | Create | Villager (Male) |
| 0:09 | Create | Villager (Male) |
| 1:31 | Create | Villager (Male) |
| 1:48 | Create | Villager (Male) |
| 2:30 | Create | Villager (Male) |
| 2:31 | Create | Villager (Male) |
| 2:42 | Create | Villager (Male) |
| 3:19 | Build | Lumber Camp |
| 3:26 | Create | Villager (Male) |
| 3:26 | Create | Villager (Male) |
| 3:48 | Create | Villager (Male) |
| 4:15 | Create | Villager (Male) |
| 4:21 | Build | Mill |
| 4:38 | Create | Villager (Male) |
| 4:57 | Create | Villager (Male) |
| 4:57 | Create | Villager (Male) |
| 5:15 | Create | Villager (Male) |
| 5:43 | Create | Villager (Male) |
| 5:49 | Build | House |
| 6:29 | Create | Villager (Male) |
| 6:29 | Create | Villager (Male) |
| 6:30 | Create | Villager (Male) |
| 7:00 | Create | Villager (Male) |
| 8:27 | Research | Feudal Age |
| 8:54 | Build | Mining Camp |
| 9:18 | Create | Villager (Male) |
| 9:22 | Create | Villager (Male) |
| 10:08 | Build | House |
| 10:37 | Age | Feudal Age |
| 10:54 | Build | Market |
| 11:02 | Build | Blacksmith |
| 11:31 | Create | Villager (Male) |
| 11:48 | Build | Mining Camp |
| 12:13 | Research | Castle Age |
| 13:24 | Create | Villager (Male) |
| 13:24 | Create | Villager (Male) |
| 13:54 | Research | Horse Collar |
| 14:53 | Age | Castle Age |
| 15:02 | Build | Farm |
| 15:03 | Build | Farm |
| 15:03 | Build | Farm |
| 15:03 | Build | Farm |
| 15:03 | Build | Farm |
| 15:04 | Build | Farm |
| 15:04 | Build | Farm |
| 15:28 | Build | Castle |
| 15:36 | Create | Villager (Male) |
| 15:36 | Create | Villager (Male) |
| 15:43 | Build | House |
| 16:00 | Build | House |
| 16:11 | Build | Farm |
| 16:15 | Create | Villager (Male) |
| 16:16 | Create | Villager (Male) |
| 16:44 | Build | Mining Camp |
| 16:45 | Create | Unit 1908 |
| 16:46 | Create | Unit 1908 |
| 16:46 | Create | Unit 1908 |
| 17:23 | Create | Unit 1908 |
| 17:24 | Create | Unit 1908 |
| 18:03 | Create | Unit 1908 |
| 18:03 | Create | Unit 1908 |
| 18:33 | Build | Siege Workshop |
| 18:58 | Create | Petard |
| 18:58 | Create | Petard |
| 19:05 | Create | Villager (Male) |
| 19:27 | Create | Iron Pagoda |
| 19:35 | Create | Petard |
| 20:02 | Build | Town Center |
| 21:55 | Create | Villager (Male) |
| 21:55 | Create | Villager (Male) |
| 21:56 | Create | Villager (Male) |
| 21:56 | Create | Villager (Male) |
| 22:02 | Create | Villager (Male) |
| 22:04 | Create | Villager (Male) |
| 23:29 | Create | Iron Pagoda |
| 23:45 | Build | Castle |
| 24:02 | Create | Villager (Male) |
| 24:02 | Create | Villager (Male) |
| 24:03 | Create | Villager (Male) |
| 24:03 | Create | Villager (Male) |
| 24:19 | Create | Iron Pagoda |
| 24:35 | Create | Villager (Male) |
| 24:36 | Create | Villager (Male) |
| 24:41 | Build | Farm |
| 24:42 | Build | Farm |
| 24:42 | Build | Farm |
| 24:43 | Build | Farm |
| 25:16 | Create | Villager (Male) |
| 25:17 | Create | Villager (Male) |
| 26:01 | Create | Iron Pagoda |
| 26:41 | Create | Villager (Male) |
| 26:41 | Create | Villager (Male) |
| 26:42 | Create | Villager (Male) |
| 26:42 | Create | Villager (Male) |
| 26:48 | Build | Farm |
| 26:48 | Build | Farm |
| 26:49 | Build | Farm |
| 26:50 | Build | Farm |
| 27:13 | Create | Unit 1908 |
| 27:14 | Create | Unit 1908 |
| 27:37 | Build | Mining Camp |
| 28:00 | Create | Unit 1908 |
| 28:00 | Create | Unit 1908 |
| 28:05 | Create | Villager (Male) |
| 28:06 | Create | Villager (Male) |
| 28:07 | Create | Villager (Male) |
| 28:15 | Build | Town Center |
| 29:33 | Research | Wheelbarrow |
| 29:35 | Create | Villager (Male) |
| 29:35 | Create | Villager (Male) |
| 29:45 | Create | Villager (Male) |
| 29:45 | Create | Villager (Male) |
| 29:46 | Create | Villager (Male) |
| 31:01 | Create | Iron Pagoda |
| 31:02 | Create | Iron Pagoda |
| 31:03 | Create | Iron Pagoda |
| 31:27 | Create | Villager (Male) |
| 31:28 | Create | Villager (Male) |
| 31:28 | Create | Villager (Male) |
| 31:29 | Create | Villager (Male) |
| 31:30 | Create | Villager (Male) |
| 31:31 | Create | Villager (Male) |
| 31:33 | Create | Villager (Male) |
| 31:33 | Create | Villager (Male) |
| 31:37 | Build | Farm |
| 31:37 | Build | Farm |
| 31:37 | Build | Farm |
| 31:38 | Build | Farm |
| 31:39 | Build | Farm |
| 31:40 | Build | Farm |
| 31:40 | Build | Farm |
| 31:41 | Build | Farm |
| 31:46 | Research | Heavy Plow |
| 31:50 | Research | Double-Bit Axe |
| 32:25 | Create | Villager (Male) |
| 32:26 | Create | Villager (Male) |
| 32:32 | Create | Villager (Male) |
| 32:32 | Create | Villager (Male) |
| 32:50 | Research | Fletching |
| 33:19 | Build | Farm |
| 33:21 | Create | Villager (Male) |
| 33:22 | Create | Villager (Male) |
| 33:23 | Create | Villager (Male) |
| 33:23 | Create | Villager (Male) |
Build order — 东伯暴打大黄狗
First 150 of 616 actions detected
| 0:01 | Create | Villager (Male) |
| 0:02 | Create | Villager (Male) |
| 0:02 | Create | Villager (Male) |
| 0:02 | Create | Villager (Male) |
| 0:04 | Build | House |
| 0:06 | Build | House |
| 1:25 | Create | Villager (Male) |
| 1:25 | Create | Villager (Male) |
| 1:54 | Build | Lumber Camp |
| 2:02 | Create | Villager (Male) |
| 2:03 | Create | Villager (Male) |
| 2:21 | Create | Villager (Male) |
| 2:21 | Create | Villager (Male) |
| 2:53 | Create | Villager (Male) |
| 2:54 | Create | Villager (Male) |
| 3:10 | Create | Villager (Male) |
| 3:10 | Create | Villager (Male) |
| 3:28 | Build | House |
| 3:44 | Create | Villager (Male) |
| 3:44 | Create | Villager (Male) |
| 3:58 | Build | House |
| 4:02 | Create | Villager (Male) |
| 4:02 | Create | Villager (Male) |
| 4:28 | Build | Mill |
| 4:34 | Build | House |
| 4:42 | Create | Villager (Male) |
| 4:43 | Create | Villager (Male) |
| 5:06 | Create | Villager (Male) |
| 5:07 | Create | Villager (Male) |
| 5:30 | Create | Villager (Male) |
| 5:31 | Create | Villager (Male) |
| 5:46 | Create | Villager (Male) |
| 5:47 | Create | Villager (Male) |
| 6:16 | Create | Villager (Male) |
| 6:22 | Create | Villager (Male) |
| 6:22 | Create | Villager (Male) |
| 7:10 | Create | Villager (Male) |
| 7:11 | Create | Villager (Male) |
| 7:18 | Create | Villager (Male) |
| 7:25 | Build | Lumber Camp |
| 7:26 | Create | Villager (Male) |
| 7:26 | Create | Villager (Male) |
| 7:36 | Create | Villager (Male) |
| 7:58 | Create | Villager (Male) |
| 7:58 | Create | Villager (Male) |
| 8:10 | Create | Villager (Male) |
| 8:12 | Create | Villager (Male) |
| 8:14 | Create | Villager (Male) |
| 8:32 | Build | Farm |
| 8:33 | Create | Villager (Male) |
| 8:33 | Create | Villager (Male) |
| 8:58 | Build | Farm |
| 9:04 | Build | Mining Camp |
| 9:08 | Create | Villager (Male) |
| 9:35 | Research | Feudal Age |
| 10:58 | Build | Farm |
| 11:05 | Build | Farm |
| 11:12 | Build | Farm |
| 11:47 | Create | Villager (Male) |
| 11:47 | Create | Villager (Male) |
| 11:52 | Age | Feudal Age |
| 11:57 | Build | Market |
| 12:02 | Build | Blacksmith |
| 12:26 | Build | Mining Camp |
| 12:51 | Research | Castle Age |
| 13:07 | Build | House |
| 13:57 | Build | House |
| 14:03 | Build | Farm |
| 14:19 | Build | House |
| 14:27 | Build | Farm |
| 14:44 | Research | Horse Collar |
| 14:46 | Research | Double-Bit Axe |
| 15:02 | Build | House |
| 15:31 | Age | Castle Age |
| 15:35 | Build | Town Center |
| 15:36 | Create | Villager (Male) |
| 15:42 | Build | Town Center |
| 15:47 | Create | Villager (Male) |
| 15:50 | Build | House |
| 15:57 | Research | Bow Saw |
| 15:58 | Create | Villager (Male) |
| 16:07 | Build | Farm |
| 16:21 | Create | Villager (Male) |
| 16:26 | Build | House |
| 16:30 | Create | Villager (Male) |
| 16:34 | Create | Villager (Male) |
| 16:41 | Create | Villager (Male) |
| 16:48 | Create | Villager (Male) |
| 16:54 | Create | Villager (Male) |
| 16:55 | Create | Villager (Male) |
| 16:58 | Build | House |
| 17:00 | Create | Villager (Male) |
| 17:06 | Create | Villager (Male) |
| 17:07 | Create | Villager (Male) |
| 17:11 | Build | Farm |
| 17:14 | Create | Villager (Male) |
| 17:18 | Build | Farm |
| 17:20 | Create | Villager (Male) |
| 17:21 | Create | Villager (Male) |
| 17:26 | Build | Farm |
| 17:40 | Create | Villager (Male) |
| 17:47 | Build | House |
| 17:49 | Build | Farm |
| 17:49 | Create | Villager (Male) |
| 17:54 | Build | Farm |
| 18:04 | Build | Farm |
| 18:05 | Create | Villager (Male) |
| 18:11 | Create | Villager (Male) |
| 18:22 | Build | House |
| 18:29 | Build | Farm |
| 18:30 | Create | Villager (Male) |
| 18:35 | Build | Farm |
| 18:38 | Create | Villager (Male) |
| 19:00 | Build | House |
| 19:02 | Create | Villager (Male) |
| 19:06 | Build | Farm |
| 19:11 | Build | Farm |
| 19:12 | Create | Villager (Male) |
| 19:26 | Research | Wheelbarrow |
| 19:27 | Research | Loom |
| 19:31 | Build | House |
| 19:32 | Build | House |
| 19:33 | Create | Villager (Male) |
| 19:46 | Build | Farm |
| 19:47 | Create | Villager (Male) |
| 19:50 | Build | Farm |
| 19:57 | Create | Villager (Male) |
| 20:10 | Create | Villager (Male) |
| 20:13 | Build | Farm |
| 20:14 | Create | Villager (Male) |
| 20:23 | Build | Farm |
| 20:24 | Create | Villager (Male) |
| 20:37 | Build | Farm |
| 20:39 | Build | Farm |
| 20:41 | Build | Farm |
| 20:42 | Create | Villager (Male) |
| 20:49 | Create | Villager (Male) |
| 20:52 | Build | Farm |
| 20:55 | Build | Farm |
| 21:10 | Build | Farm |
| 21:12 | Research | Heavy Plow |
| 21:15 | Build | House |
| 21:15 | Create | Villager (Male) |
| 21:19 | Create | Villager (Male) |
| 21:23 | Build | Farm |
| 21:31 | Build | Farm |
| 21:31 | Create | Villager (Male) |
| 21:40 | Create | Villager (Male) |
| 21:40 | Create | Villager (Male) |
| 21:46 | Build | Farm |
Build order — 黎羽
First 150 of 409 actions detected
| 0:02 | Create | Villager (Male) |
| 0:02 | Research | Loom |
| 0:02 | Create | Villager (Male) |
| 0:02 | Create | Villager (Male) |
| 0:03 | Create | Villager (Male) |
| 0:07 | Build | House |
| 0:28 | Create | Villager (Male) |
| 0:28 | Create | Villager (Male) |
| 0:28 | Create | Villager (Male) |
| 0:28 | Create | Villager (Male) |
| 0:53 | Build | House |
| 0:54 | Build | House |
| 0:55 | Build | House |
| 0:56 | Build | House |
| 1:50 | Create | Villager (Male) |
| 1:50 | Create | Villager (Male) |
| 1:50 | Create | Villager (Male) |
| 2:36 | Create | Villager (Male) |
| 2:36 | Create | Villager (Male) |
| 2:36 | Create | Villager (Male) |
| 2:36 | Create | Villager (Male) |
| 2:50 | Create | Villager (Male) |
| 2:51 | Create | Villager (Male) |
| 2:51 | Create | Villager (Male) |
| 2:51 | Create | Villager (Male) |
| 3:17 | Create | Villager (Male) |
| 3:17 | Create | Villager (Male) |
| 3:24 | Create | Villager (Male) |
| 3:24 | Create | Villager (Male) |
| 4:02 | Create | Villager (Male) |
| 4:02 | Create | Villager (Male) |
| 4:02 | Create | Villager (Male) |
| 4:02 | Create | Villager (Male) |
| 4:38 | Create | Villager (Male) |
| 4:39 | Create | Villager (Male) |
| 4:39 | Create | Villager (Male) |
| 4:39 | Create | Villager (Male) |
| 4:54 | Create | Villager (Male) |
| 4:54 | Create | Villager (Male) |
| 4:54 | Create | Villager (Male) |
| 5:07 | Build | Mill |
| 5:42 | Create | Villager (Male) |
| 5:58 | Create | Villager (Male) |
| 5:58 | Create | Villager (Male) |
| 5:58 | Create | Villager (Male) |
| 5:58 | Create | Villager (Male) |
| 6:09 | Build | Lumber Camp |
| 7:14 | Build | Farm |
| 7:21 | Create | Villager (Male) |
| 7:47 | Build | Mining Camp |
| 7:49 | Create | Villager (Male) |
| 8:02 | Research | Feudal Age |
| 8:59 | Create | Villager (Male) |
| 8:59 | Create | Villager (Male) |
| 10:12 | Age | Feudal Age |
| 10:30 | Build | Blacksmith |
| 11:07 | Build | Market |
| 11:15 | Create | Villager (Male) |
| 11:36 | Create | Villager (Male) |
| 12:29 | Research | Castle Age |
| 12:50 | Research | Double-Bit Axe |
| 13:05 | Build | Lumber Camp |
| 13:10 | Build | House |
| 13:11 | Build | House |
| 13:50 | Create | Villager (Male) |
| 13:52 | Research | Horse Collar |
| 14:02 | Build | House |
| 14:03 | Build | House |
| 14:47 | Build | Barracks |
| 15:07 | Build | Mining Camp |
| 15:09 | Age | Castle Age |
| 15:24 | Build | Monastery |
| 15:58 | Create | Spearman |
| 16:06 | Create | Spearman |
| 16:17 | Build | House |
| 16:33 | Create | Monk |
| 16:38 | Build | Town Center |
| 17:03 | Build | Stone Wall |
| 17:12 | Build | Siege Workshop |
| 17:52 | Build | Siege Workshop |
| 18:06 | Build | Stone Wall |
| 18:34 | Build | University |
| 18:58 | Create | Mangonel |
| 19:29 | Build | Stone Wall |
| 19:34 | Build | Stone Wall |
| 20:06 | Create | Monk |
| 20:11 | Create | Villager (Male) |
| 20:54 | Create | Mangonel |
| 21:07 | Create | Villager (Male) |
| 21:22 | Build | Mining Camp |
| 21:49 | Build | Gate |
| 22:07 | Build | Gate |
| 22:10 | Build | Stone Wall |
| 22:15 | Build | Farm |
| 22:36 | Build | House |
| 22:40 | Build | House |
| 22:41 | Build | House |
| 23:15 | Build | Stone Wall |
| 23:24 | Build | Gate |
| 23:32 | Research | Bow Saw |
| 24:51 | Build | Farm |
| 24:52 | Build | Farm |
| 24:54 | Build | Farm |
| 25:03 | Create | Villager (Male) |
| 25:03 | Create | Villager (Male) |
| 25:04 | Create | Villager (Male) |
| 25:12 | Build | Farm |
| 25:13 | Build | Farm |
| 25:14 | Build | Farm |
| 25:15 | Create | Mangonel |
| 26:00 | Create | Villager (Male) |
| 26:00 | Create | Villager (Male) |
| 26:00 | Create | Villager (Male) |
| 26:00 | Create | Villager (Male) |
| 26:38 | Build | Farm |
| 26:39 | Create | Villager (Male) |
| 26:39 | Create | Villager (Male) |
| 26:40 | Create | Villager (Male) |
| 27:01 | Build | Stone Wall |
| 27:11 | Build | Stone Wall |
| 27:16 | Create | Villager (Male) |
| 27:17 | Create | Villager (Male) |
| 27:17 | Create | Villager (Male) |
| 27:33 | Create | Villager (Male) |
| 27:33 | Create | Villager (Male) |
| 27:33 | Create | Villager (Male) |
| 27:33 | Create | Villager (Male) |
| 27:34 | Create | Villager (Male) |
| 27:37 | Build | Farm |
| 27:37 | Build | Farm |
| 27:38 | Build | Farm |
| 27:49 | Build | Farm |
| 27:50 | Build | Farm |
| 27:51 | Build | Farm |
| 27:52 | Build | Mill |
| 28:22 | Research | Fortified Wall (upgrade) |
| 28:26 | Create | Villager (Male) |
| 28:26 | Create | Villager (Male) |
| 28:26 | Create | Villager (Male) |
| 28:26 | Create | Villager (Male) |
| 28:38 | Build | House |
| 28:52 | Create | Mangonel |
| 28:59 | Create | Villager (Male) |
| 28:59 | Create | Villager (Male) |
| 28:59 | Create | Villager (Male) |
| 29:03 | Build | House |
| 29:14 | Build | House |
| 29:15 | Build | House |
| 29:16 | Build | House |
| 29:17 | Build | House |
Build order — Xavyyy
First 150 of 472 actions detected
| 0:03 | Create | Villager (Male) ×4 |
| 0:06 | Build | House |
| 0:11 | Build | House |
| 1:46 | Create | Villager (Male) |
| 1:59 | Build | Lumber Camp |
| 2:11 | Create | Villager (Male) |
| 2:12 | Create | Villager (Male) |
| 2:30 | Create | Villager (Male) |
| 3:07 | Create | Villager (Male) |
| 3:22 | Create | Villager (Male) |
| 3:23 | Create | Villager (Male) |
| 3:38 | Build | House |
| 3:43 | Build | House |
| 3:51 | Create | Villager (Male) |
| 3:51 | Create | Villager (Male) |
| 4:22 | Create | Villager (Male) |
| 4:22 | Create | Villager (Male) |
| 4:23 | Create | Villager (Male) |
| 4:49 | Build | Mill |
| 5:06 | Create | Villager (Male) |
| 5:06 | Create | Villager (Male) |
| 5:41 | Create | Villager (Male) |
| 5:41 | Create | Villager (Male) |
| 5:42 | Create | Villager (Male) |
| 6:06 | Create | Villager (Male) |
| 6:44 | Create | Villager (Male) |
| 7:10 | Create | Villager (Male) |
| 7:11 | Create | Villager (Male) |
| 8:07 | Build | Farm |
| 8:17 | Build | Mining Camp |
| 8:25 | Research | Feudal Age |
| 8:57 | Build | House |
| 8:59 | Create | Villager (Male) |
| 9:00 | Create | Villager (Male) |
| 10:46 | Age | Feudal Age |
| 10:48 | Build | Market |
| 10:52 | Build | Blacksmith |
| 11:39 | Research | Castle Age |
| 11:40 | Research | Castle Age |
| 11:52 | Build | Lumber Camp |
| 12:13 | Research | Double-Bit Axe |
| 13:13 | Create | Villager (Male) |
| 13:13 | Create | Villager (Male) |
| 14:19 | Age | Castle Age |
| 14:26 | Build | Town Center |
| 14:35 | Build | Town Center |
| 14:46 | Build | Monastery |
| 14:51 | Build | Farm |
| 14:55 | Build | Farm |
| 15:02 | Research | Bow Saw |
| 15:05 | Research | Loom |
| 15:09 | Build | Farm |
| 15:10 | Build | Farm |
| 15:11 | Build | Farm |
| 15:17 | Build | Farm |
| 15:28 | Build | Farm |
| 15:34 | Create | Monk |
| 15:50 | Create | Villager (Male) |
| 15:55 | Build | Farm |
| 15:57 | Build | Farm |
| 16:23 | Build | Farm |
| 16:25 | Build | Farm |
| 16:26 | Build | Farm |
| 16:27 | Create | Villager (Male) |
| 16:42 | Build | Farm |
| 16:42 | Build | Farm |
| 16:43 | Build | Farm |
| 16:43 | Build | Farm |
| 16:43 | Build | Farm |
| 16:50 | Create | Villager (Male) |
| 16:56 | Build | Farm |
| 17:01 | Build | Farm |
| 17:05 | Create | Villager (Male) |
| 17:05 | Create | Villager (Male) |
| 17:14 | Build | Farm |
| 17:24 | Build | House |
| 17:26 | Create | Villager (Male) |
| 17:27 | Create | Villager (Male) |
| 17:37 | Create | Villager (Male) |
| 17:37 | Create | Villager (Male) |
| 17:45 | Build | Farm |
| 17:49 | Create | Villager (Male) |
| 17:54 | Build | Farm |
| 17:56 | Create | Villager (Male) |
| 18:23 | Create | Villager (Male) |
| 18:23 | Create | Villager (Male) |
| 18:23 | Create | Villager (Male) |
| 18:25 | Build | House |
| 18:29 | Build | Farm |
| 18:30 | Create | Villager (Male) |
| 18:30 | Create | Villager (Male) |
| 18:37 | Build | Farm |
| 18:39 | Build | Farm |
| 18:54 | Build | Farm |
| 18:57 | Build | Farm |
| 19:09 | Build | House |
| 19:11 | Build | House |
| 19:11 | Create | Villager (Male) |
| 19:12 | Create | Villager (Male) |
| 19:12 | Create | Villager (Male) |
| 19:12 | Create | Villager (Male) |
| 19:13 | Create | Villager (Male) |
| 19:24 | Build | Farm |
| 19:29 | Build | Farm |
| 19:30 | Create | Villager (Male) |
| 19:30 | Create | Villager (Male) |
| 19:30 | Create | Villager (Male) |
| 19:31 | Create | Villager (Male) |
| 19:38 | Create | Monk |
| 19:40 | Create | Villager (Male) |
| 19:40 | Create | Villager (Male) |
| 19:45 | Build | House |
| 20:02 | Build | Farm |
| 20:03 | Create | Villager (Male) |
| 20:03 | Create | Villager (Male) |
| 20:03 | Create | Villager (Male) |
| 20:26 | Build | Farm |
| 20:28 | Create | Villager (Male) |
| 20:33 | Build | House |
| 20:55 | Create | Villager (Male) |
| 20:56 | Create | Villager (Male) |
| 20:56 | Create | Villager (Male) |
| 20:56 | Create | Villager (Male) |
| 21:10 | Build | Siege Workshop |
| 21:11 | Create | Villager (Male) |
| 21:12 | Create | Villager (Male) |
| 21:12 | Create | Villager (Male) |
| 21:20 | Research | Gold Mining |
| 21:56 | Create | Villager (Male) |
| 21:57 | Create | Villager (Male) |
| 22:02 | Build | House |
| 22:04 | Build | House |
| 22:12 | Build | Barracks |
| 22:14 | Create | Villager (Male) |
| 22:14 | Create | Villager (Male) |
| 22:14 | Create | Villager (Male) |
| 22:46 | Create | Villager (Male) |
| 22:46 | Create | Villager (Male) |
| 23:04 | Build | House |
| 23:07 | Build | House |
| 23:08 | Create | Villager (Male) |
| 23:08 | Create | Villager (Male) |
| 23:08 | Create | Villager (Male) |
| 23:23 | Build | Mill |
| 23:25 | Build | Farm |
| 23:25 | Build | Farm |
| 23:25 | Build | Farm |
| 23:25 | Build | Farm |
| 23:26 | Build | Farm |
| 23:26 | Build | Farm |
Build order — 常山宪王
First 150 of 325 actions detected
| 0:01 | Create | Villager (Male) |
| 0:02 | Create | Villager (Male) |
| 0:04 | Build | House |
| 0:07 | Build | House |
| 0:09 | Build | House |
| 0:47 | Create | Villager (Male) |
| 0:51 | Create | Villager (Male) |
| 0:52 | Create | Villager (Male) |
| 1:21 | Create | Villager (Male) |
| 1:21 | Create | Villager (Male) |
| 1:47 | Create | Villager (Male) |
| 1:47 | Create | Villager (Male) |
| 2:18 | Create | Villager (Male) |
| 2:56 | Create | Villager (Male) |
| 2:56 | Create | Villager (Male) |
| 2:59 | Create | Villager (Male) |
| 3:36 | Build | Settlement |
| 3:45 | Create | Villager (Male) |
| 4:14 | Create | Villager (Male) |
| 4:14 | Create | Villager (Male) |
| 4:38 | Create | Villager (Male) |
| 4:38 | Create | Villager (Male) |
| 5:02 | Create | Villager (Male) |
| 5:03 | Create | Villager (Male) |
| 5:14 | Build | Settlement |
| 5:15 | Create | Villager (Male) |
| 5:15 | Create | Villager (Male) |
| 5:45 | Create | Villager (Male) |
| 5:47 | Create | Villager (Male) |
| 5:59 | Create | Villager (Male) |
| 6:37 | Create | Villager (Male) |
| 6:45 | Create | Villager (Male) |
| 6:45 | Create | Villager (Male) |
| 7:13 | Build | Settlement |
| 7:17 | Create | Villager (Male) |
| 7:42 | Create | Villager (Male) |
| 8:51 | Create | Villager (Male) |
| 9:22 | Create | Villager (Male) |
| 9:54 | Build | Farm |
| 9:57 | Build | Farm |
| 10:22 | Build | Farm |
| 10:25 | Research | Feudal Age |
| 12:33 | Research | Loom |
| 12:35 | Age | Feudal Age |
| 12:36 | Create | Villager (Male) |
| 12:46 | Build | Market |
| 12:51 | Build | Blacksmith |
| 12:57 | Build | Farm |
| 12:59 | Build | Farm |
| 13:01 | Build | Farm |
| 13:03 | Build | Farm |
| 13:33 | Research | Castle Age |
| 13:55 | Research | Stone Mining |
| 14:19 | Research | Double-Bit Axe |
| 14:47 | Research | Horse Collar |
| 15:38 | Create | Villager (Male) |
| 15:45 | Build | Farm |
| 15:46 | Build | Farm |
| 16:00 | Build | Outpost |
| 16:13 | Age | Castle Age |
| 16:58 | Build | Outpost |
| 17:04 | Create | Villager (Male) |
| 17:04 | Create | Villager (Male) |
| 17:32 | Build | Castle |
| 17:47 | Create | Villager (Male) |
| 18:24 | Create | Villager (Male) |
| 18:25 | Create | Villager (Male) |
| 18:47 | Build | Stone Wall |
| 18:53 | Build | Gate |
| 19:04 | Build | Stone Wall |
| 19:11 | Create | Villager (Male) |
| 19:40 | Create | Villager (Male) |
| 20:00 | Build | Town Center |
| 20:12 | Build | Settlement |
| 20:19 | Create | Unit 2579 |
| 20:19 | Create | Unit 2579 |
| 20:20 | Create | Unit 2579 |
| 20:20 | Create | Unit 2579 |
| 20:22 | Create | Unit 2579 |
| 20:22 | Create | Unit 2579 |
| 20:22 | Create | Unit 2579 |
| 20:41 | Build | Siege Workshop |
| 21:06 | Create | Villager (Male) |
| 21:06 | Create | Villager (Male) |
| 21:15 | Research | Gold Mining |
| 21:33 | Create | Mangonel |
| 21:44 | Research | Bow Saw |
| 22:27 | Create | Villager (Male) |
| 22:27 | Create | Villager (Male) |
| 22:27 | Create | Villager (Male) |
| 22:28 | Create | Villager (Male) |
| 23:29 | Build | Stone Wall |
| 23:46 | Create | Villager (Male) |
| 23:46 | Create | Villager (Male) |
| 23:46 | Create | Villager (Male) |
| 24:06 | Research | Fletching |
| 25:12 | Build | Outpost |
| 25:19 | Research | Wheelbarrow |
| 25:20 | Create | Villager (Male) |
| 25:20 | Create | Villager (Male) |
| 25:27 | Build | Farm |
| 25:29 | Build | Farm |
| 25:30 | Create | Villager (Male) |
| 25:30 | Create | Villager (Male) |
| 25:57 | Build | Outpost |
| 26:21 | Create | Villager (Male) |
| 26:28 | Build | Farm |
| 26:31 | Build | Farm |
| 26:32 | Build | Farm |
| 26:37 | Build | Farm |
| 26:39 | Build | Farm |
| 26:40 | Build | Farm |
| 26:49 | Create | Villager (Male) |
| 26:54 | Create | Villager (Male) |
| 26:54 | Create | Villager (Male) |
| 26:54 | Create | Villager (Male) |
| 27:31 | Create | Villager (Male) |
| 27:31 | Create | Villager (Male) |
| 27:32 | Create | Villager (Male) |
| 27:38 | Build | Farm |
| 27:41 | Build | Farm |
| 27:43 | Build | Farm |
| 27:45 | Build | Farm |
| 27:49 | Build | Farm |
| 28:07 | Research | Padded Archer Armor |
| 28:13 | Create | Villager (Male) |
| 28:13 | Create | Villager (Male) |
| 28:14 | Create | Villager (Male) |
| 28:14 | Create | Villager (Male) |
| 28:14 | Create | Villager (Male) |
| 28:17 | Build | Farm |
| 28:20 | Build | Farm |
| 28:26 | Build | Farm |
| 29:46 | Research | Hand Cart |
| 29:47 | Create | Villager (Male) |
| 29:48 | Create | Villager (Male) |
| 29:48 | Create | Villager (Male) |
| 29:48 | Create | Villager (Male) |
| 29:52 | Build | Farm |
| 29:55 | Build | Farm |
| 29:57 | Research | Heavy Plow |
| 30:01 | Research | Gold Shaft Mining |
| 30:05 | Build | Farm |
| 30:09 | Create | Villager (Male) |
| 30:09 | Create | Villager (Male) |
| 30:09 | Create | Villager (Male) |
| 30:36 | Create | Unit 2579 |
| 30:36 | Create | Unit 2579 |
| 30:36 | Create | Unit 2579 |
| 30:37 | Create | Unit 2579 |
Match timeline
| 10:12 | 黎羽 · age_up feudal |
| 10:37 | BolivarCG · age_up feudal |
| 10:46 | Xavyyy · age_up feudal |
| 11:28 | Vicko Guty · age_up feudal |
| 11:52 | 东伯暴打大黄狗 · age_up feudal |
| 12:35 | 常山宪王 · age_up feudal |
| 14:19 | Xavyyy · age_up castle |
| 14:44 | BolivarCG · first_market_buy 100 stone |
| 14:46 | Xavyyy · first_building Monastery |
| 14:47 | 黎羽 · first_building Barracks |
| 14:51 | 东伯暴打大黄狗 · first_market_buy 100 food |
| 14:53 | BolivarCG · age_up castle |
| 15:09 | 黎羽 · age_up castle |
| 15:24 | 黎羽 · first_building Monastery |
| 15:28 | BolivarCG · first_building Castle |
| 15:31 | 东伯暴打大黄狗 · age_up castle |
| 16:07 | 常山宪王 · first_market_buy 100 stone |
| 16:13 | 常山宪王 · age_up castle |
| 16:15 | 常山宪王 · first_market_sell 100 wood |
| 16:20 | 东伯暴打大黄狗 · tribute_sent a jugador 1 |
| 16:20 | 东伯暴打大黄狗 · tribute_sent a jugador 3 |
| 16:20 | 东伯暴打大黄狗 · tribute_sent a jugador 4 |
| 16:20 | 东伯暴打大黄狗 · tribute_sent a jugador 5 |
| 16:20 | 东伯暴打大黄狗 · tribute_sent a jugador 6 |
| 16:24 | 黎羽 · tribute_sent a jugador 1 |
| 16:24 | 黎羽 · tribute_sent a jugador 2 |
| 16:24 | 黎羽 · tribute_sent a jugador 3 |
| 16:24 | 黎羽 · tribute_sent a jugador 5 |
| 16:24 | 黎羽 · tribute_sent a jugador 6 |
| 16:30 | 黎羽 · first_market_buy 100 stone |
| 17:03 | 黎羽 · wall_segment Stone Wall x21 |
| 17:12 | 黎羽 · first_building Siege Workshop |
| 17:16 | Vicko Guty · age_up castle |
| 17:21 | Vicko Guty · first_building Castle |
| 17:32 | 常山宪王 · first_building Castle |
| 18:03 | 黎羽 · first_market_sell 100 food |
| 18:06 | 黎羽 · wall_segment Stone Wall x1 |
| 18:33 | BolivarCG · first_building Siege Workshop |
| 18:47 | 常山宪王 · wall_segment Stone Wall x15 |
| 18:58 | Vicko Guty · first_building Siege Workshop |
| 19:04 | 常山宪王 · wall_segment Stone Wall x4 |
| 19:29 | 黎羽 · wall_segment Stone Wall x9 |
| 19:34 | 黎羽 · wall_segment Stone Wall x5 |
| 19:53 | BolivarCG · first_market_sell 100 stone |
| 20:41 | 常山宪王 · first_building Siege Workshop |
| 21:10 | Xavyyy · first_building Siege Workshop |
| 22:10 | 黎羽 · wall_segment Stone Wall x1 |
| 22:12 | Xavyyy · first_building Barracks |
| 22:19 | 东伯暴打大黄狗 · first_building Castle |
| 22:42 | 东伯暴打大黄狗 · first_building Monastery |
| 23:15 | 黎羽 · wall_segment Stone Wall x2 |
| 23:29 | 常山宪王 · wall_segment Stone Wall x4 |
| 24:01 | Xavyyy · first_building Stable |
| 25:20 | 东伯暴打大黄狗 · first_building Barracks |
| 25:24 | 东伯暴打大黄狗 · first_building Siege Workshop |
| 27:01 | 黎羽 · wall_segment Stone Wall x20 |
| 27:08 | Xavyyy · age_up imperial |
| 27:11 | 黎羽 · wall_segment Stone Wall x6 |
| 27:13 | Xavyyy · first_building Castle |
| 30:57 | 东伯暴打大黄狗 · first_market_sell 100 food |
| 31:08 | 黎羽 · wall_segment Stone Wall x3 |
| 31:14 | 黎羽 · wall_segment Stone Wall x8 |
| 31:27 | Vicko Guty · first_building Barracks |
| 31:31 | 东伯暴打大黄狗 · first_building Stable |
| 31:59 | Vicko Guty · age_up imperial |
| 32:13 | Vicko Guty · first_building Stable |
| 32:41 | 常山宪王 · first_building Monastery |
| 34:23 | 东伯暴打大黄狗 · age_up imperial |
| 35:46 | 黎羽 · tribute_sent a jugador 1 |
| 35:46 | 黎羽 · tribute_sent a jugador 2 |
| 35:46 | 黎羽 · tribute_sent a jugador 3 |
| 35:46 | 黎羽 · tribute_sent a jugador 5 |
| 35:46 | 黎羽 · tribute_sent a jugador 6 |
| 36:13 | Vicko Guty · first_market_sell 100 wood |
| 36:47 | 常山宪王 · age_up imperial |
| 38:32 | 黎羽 · wall_segment Stone Wall x1 |
| 38:38 | 黎羽 · wall_segment Stone Wall x1 |
| 39:46 | 黎羽 · wall_segment Stone Wall x1 |
| 40:50 | 黎羽 · tribute_sent a jugador 1 |
| 40:50 | 黎羽 · tribute_sent a jugador 2 |
| 40:50 | 黎羽 · tribute_sent a jugador 3 |
| 40:50 | 黎羽 · tribute_sent a jugador 5 |
| 40:50 | 黎羽 · tribute_sent a jugador 6 |
| 41:49 | 黎羽 · tribute_sent a jugador 1 |
| 41:49 | 黎羽 · tribute_sent a jugador 2 |
| 41:49 | 黎羽 · tribute_sent a jugador 3 |
| 41:49 | 黎羽 · tribute_sent a jugador 5 |
| 41:49 | 黎羽 · tribute_sent a jugador 6 |
| 41:52 | 常山宪王 · tribute_sent a jugador 1 |
| 41:52 | 常山宪王 · tribute_sent a jugador 2 |
| 41:52 | 常山宪王 · tribute_sent a jugador 3 |
| 41:52 | 常山宪王 · tribute_sent a jugador 4 |
| 41:52 | 常山宪王 · tribute_sent a jugador 5 |
| 42:12 | 黎羽 · age_up imperial |
| 42:21 | Vicko Guty · first_building Archery Range |
| 43:43 | Xavyyy · first_building Archery Range |
| 45:16 | 常山宪王 · first_building Barracks |
| 46:09 | BolivarCG · age_up imperial |
| 49:41 | BolivarCG · first_building Barracks |
| 53:00 | 黎羽 · first_building Archery Range |
| 57:08 | 东伯暴打大黄狗 · resign |
[ AI ANALYSIS · 1 CREDIT ]
What really happened in this match?
Wolo.gg analyzes every decision: build order, eco, micro, common mistakes by bracket. Personalized analysis on WhatsApp or Discord in 30 seconds.
Civ guide
Spanish
Map guide
Arena
Perfil
Jugador #2998232